Description

asdf

Replay - At Eternity's Edge LE (16)

Build Order

Get SALT Encoding   

  8  0:00  Probe  
  9  0:12  Probe  
  10  0:24  Probe  
  10  0:28  Pylon  Chrono probes **after** pylon comes up
  11  0:36  Probe  
  12  0:48  Probe (Chrono Boost)  
  13  0:54  Gateway  
  13  1:01  Probe (Chrono Boost)  
  14  1:05  Assimilator  
  14  1:08  Probe (Chrono Boost)  
  15  1:19  Probe  
  16  1:29  Gateway  
  16  1:33  Probe  
  17  1:45  Cybernetics Core  
  17  1:49  Probe  
  19  2:05  Pylon  
  20  2:22  Stalker x2  
  20  2:24  Warp Gate (Chrono Boost)  Save up 2 chronos for this
  26  2:54  Pylon  
  26  3:03  Gateway x2  
  26  3:09  Stalker  
  28  3:17  Stalker  
  30  3:38  Pylon  
  30  3:53  Pylon  
  30  4:07  Stalker  
  30  4:08  Zealot x3  
  38  4:32  Stalker  
  38  4:33  Zealot x2  
  38  4:37  Stalker  
  42  4:57  Stalker  
  42  4:58  Zealot x2  
Spawning Tool Build Advisor. Get it on Overwolf

Go to:

Details

  • Created by: Defiect
  • Published on: Aug 18, 2026
  • Modified on: Aug 18, 2026
  • Patch: 5.0.16
  • Difficulty: Easy
Show
View Real Time Build Order
Export as new Build Order

Comments (0)

There are no comments. Be the first!

Create an account to comment!